 Dungeon Crawl Stone Soup version 0.20.0 (webtiles) character file.

6016 SpeedrunTech the Cleaver (level 10, 0/94 HPs)
             Began as a Minotaur Berserker on June 11, 2017.
             Was a Priest of Trog.
             Slain by a two-headed ogre
             ... wielding a +0 giant club
              (23 damage)
             ... on level 10 of the Dungeon.
             The game lasted 00:03:50 (3588 turns).

SpeedrunTech the Cleaver (Minotaur Berserker)       Turns: 3588, Time: 00:03:50

Health: 0/94       AC:  8    Str: 23    XL:     10   Next: 56%
Magic:  9/9        EV: 10    Int:  5    God:    Trog [***...]
Gold:   275        SH:  0    Dex: 11    Spells: 9/9 levels left

rFire    . . .     SeeInvis .   a - +4 battleaxe (freeze)
rCold    . . .     Gourm    .   (shield currently unavailable)
rNeg     . . .     Faith    .   t - +0 scale mail
rPois    .         Spirit   .   (helmet restricted)
rElec    .         Reflect  .   (no cloak)
rCorr    .         Harm     .   w - +0 pair of gloves
MR       .....                  l - +0 pair of boots
Stlth    +.........             i - amulet of regeneration
Regen    0.7/turn               v - ring of stealth
MPRegen  0.2/turn               (no ring)

@: berserk cooldown
A: retaliatory headbutt, horns 2
a: Berserk, Trog's Hand, Burn Spellbooks, Renounce Religion


You were on level 10 of the Dungeon.
You worshipped Trog.
Trog was most pleased with you.
You were full.

You visited 1 branch of the dungeon, and saw 10 of its levels.

You collected 387 gold pieces.
You spent 112 gold pieces at shops.

Inventory:

Hand Weapons
 a - a +4 battleaxe of freezing (weapon)
 f - a +0 hand axe
 y - a +2 battleaxe
Armour
 l - a +0 pair of boots (worn)
 t - a +0 scale mail (worn)
 w - a +0 pair of gloves (worn)
Jewellery
 i - an amulet of regeneration (around neck)
 v - a ring of stealth (left hand)
Wands
 b - a wand of acid (4/15)
Scrolls
 g - a scroll of amnesia {unknown}
 k - 2 scrolls of teleportation
 n - a scroll of fog {unknown}
 o - a scroll of immolation {unknown}
 r - a scroll of magic mapping {unknown}
Potions
 e - a potion of curing
 m - a potion of cancellation {unknown}
 p - a potion of lignification {unknown}
 q - 2 potions of brilliance
 s - a potion of agility
 u - 3 potions of mutation {unknown}
 z - a potion of ambrosia {unknown}
Books
 x - a book of Air

   Spells                             Type                      Level
   a - Shock                          Conjuration/Air              1
   b - Swiftness                      Charms/Air                   2
   c - Static Discharge               Conjuration/Air              3
   d - Airstrike                      Air                          4
   e - Lightning Bolt                 Conjuration/Air              5
   Trog disapproves of the use of such an item.
Comestibles
 c - a bread ration
 d - 3 royal jellies
 h - 8 fruits
 j - a meat ration


   Skills:
 + Level 10.7 Fighting
 * Level 14.6 Axes
 - Level 2.4 Armour
 - Level 2.1 Dodging
   Level 5.6 Shields


You had 9 spell levels left.
You didn't know any spells.

Dungeon Overview and Level Annotations

Branches:
Dungeon (10/15)            Temple (0/1) D:7            Lair (0/6) D:10
    Orc: D:9-12

Altars:
Ashenzari
Dithmenos
Hepliaklqana
Kikubaaqudgha
Nemelex Xobeh
Qazlal
Ru
Sif Muna
Vehumet
Xom

Shops:
D:8 (   D:10 *

Portals:
Sewer: D:5

Annotations:
D:8 exclusion: ice statue


Innate Abilities, Weirdness & Mutations

You reflexively headbutt those who attack you in melee.
You have a pair of horns on your head.


Message History

The two-headed ogre closely misses you.
The two-headed ogre hits you with a giant spiked club.
The two-headed ogre barely misses you.
The two-headed ogre hits you but does no damage.
You barely miss the two-headed ogre. You headbutt the two-headed ogre!
The two-headed ogre is heavily wounded.
The two-headed ogre hits you with a giant club!!
The two-headed ogre hits you with a giant spiked club.
* * * LOW HITPOINT WARNING * * *
You are too injured to fight recklessly!
Unknown command.
You slash the two-headed ogre! You freeze the two-headed ogre.
The two-headed ogre is severely wounded.
The two-headed ogre hits you with a giant club!
* * * LOW HITPOINT WARNING * * *
The two-headed ogre closely misses you.
You are too injured to fight recklessly!
You feel yourself speed up.
The two-headed ogre hits you with a giant club!!
You die...

#.###########
......#.....#######
#.......# #.......#
.## #.......#
#........ (.
##.####.###(.# #.#
.# #.# #......#
#.####.### # #.#
###..#(#
#........#?# #.#
#>.#.####.....#
.#.# #.#
#..#)...@O....# ...
#.#
#..######.....##.#
#.# #..# #.(......#
# #.# #...
#..(##.###.#### #.#
#.#.
#...(([)....... ...
#.#.#
#..###.)...##> #..#
###)...... ##.#
...#..# # #.# ...#
.#


You could see a two-headed ogre.

Vanquished Creatures
  2 two-headed ogres
  Urug (D:10)
  Joseph (D:10)
  Psyche (D:8)
  A centaur skeleton (D:10)
  A troll (D:9)
  Edmund (D:4)
  A water moccasin (D:10)
  A black bear (D:8)
  An ogre (D:7)
  2 sky beasts
  2 ice beasts
  3 phantoms
  A necrophage (D:6)
  3 centaurs
  5 bullfrogs
  A wyvern zombie (D:10)
  A scorpion (D:8)
  15 wights
  5 crimson imps
  A jelly (D:5)
  An orc wizard (D:8)
  2 bullfrog skeletons
  2 orc priests (D:5)
  2 iguanas
  4 worker ants
  A hound skeleton (D:10)
  A worker ant zombie (D:8)
  3 gnolls (D:5)
  5 adders
  2 oozes
  An adder zombie (D:5)
  A worm (D:3)
  2 dart slugs
  9 leopard geckos
  10 orcs
  2 ball pythons
  4 giant cockroaches
  3 goblins
  3 hobgoblins
  8 jackals
  2 kobolds
  A quokka (D:2)
  3 bats
  A frilled lizard (D:3)
  3 rats
126 creatures vanquished.

Notes
Turn   | Place    | Note
-------+----------+-------------------------------------------
     0 | D:1      | SpeedrunTech the Minotaur Berserker began the quest for the Orb.
     0 | D:1      | Reached XP level 1. HP: 19/19 MP: 0/0
    85 | D:1      | Reached skill level 4 in Axes
   162 | D:1      | Reached XP level 2. HP: 26/27 MP: 1/1
   254 | D:2      | Reached XP level 3. HP: 27/33 MP: 2/2
   328 | D:2      | Found a stormy altar of Qazlal.
   371 | D:3      | Reached ** piety under Trog
   512 | D:3      | Reached skill level 5 in Axes
   623 | D:4      | Noticed Edmund
   629 | D:4      | Reached skill level 1 in Shields
   629 | D:4      | Reached XP level 4. HP: 41/41 MP: 3/3
   636 | D:4      | Killed Edmund
   636 | D:4      | Reached skill level 6 in Axes
   636 | D:4      | Reached XP level 5. HP: 47/47 MP: 4/4
   703 | D:4      | Reached skill level 5 in Fighting
   780 | D:5      | Entered Level 5 of the Dungeon
   789 | D:5      | Reached XP level 6. HP: 56/56 MP: 5/5
   852 | D:5      | Found a glowing drain.
   928 | D:5      | Reached skill level 7 in Axes
  1118 | D:6      | Reached XP level 7. HP: 60/60 MP: 6/6
  1198 | D:6      | Reached skill level 8 in Axes
  1328 | D:7      | Found a staircase to the Ecumenical Temple.
  1333 | D:7      | Found an ancient bone altar of Kikubaaqudgha.
  1334 | D:7      | Found a shadowy altar of Dithmenos.
  1335 | D:7      | Found a hazy altar of Hepliaklqana.
  1335 | D:7      | Found a sacrificial altar of Ru.
  1338 | D:7      | Found a deep blue altar of Sif Muna.
  1491 | D:7      | Reached skill level 5 in Shields
  1491 | D:7      | Reached XP level 8. HP: 70/70 MP: 7/7
  1497 | D:7      | Reached skill level 9 in Axes
  1596 | D:8      | Reached *** piety under Trog
  1682 | D:8      | Noticed Psyche
  1686 | D:8      | Killed Psyche
  1686 | D:8      | Reached skill level 10 in Axes
  1739 | D:8      | Found a sparkling altar of Nemelex Xobeh.
  1761 | D:8      | Found a radiant altar of Vehumet.
  1767 | D:8      | Found an opulent altar of Gozag.
  1767 | D:8      | Found a shattered altar of Ashenzari.
  1769 | D:8      | Found a shimmering altar of Xom.
  1769 | D:8      | Found a sparkling altar of Nemelex Xobeh.
  1769 | D:8      | Found a hazy altar of Hepliaklqana.
  1812 | D:8      | Noticed an ice devil
  1812 | D:8      | Noticed an ice statue
  1816 | D:8      | Noticed an ice devil
  1817 | D:8      | Noticed an ice devil
  1832 | D:8      | Noticed an ice devil
  1846 | D:8      | Noticed an ice devil
  1851 | D:8      | Noticed an ice devil
  1885 | D:8      | Noticed an ice devil
  1954 | D:8      | Reached skill level 11 in Axes
  1958 | D:8      | Reached XP level 9. HP: 62/81 MP: 8/8
  2041 | D:8      | Noticed a two-headed ogre
  2048 | D:8      | Killed a two-headed ogre
  2048 | D:8      | Reached skill level 12 in Axes
  2053 | D:8      | Found Hywid's Weapon Shop.
  2974 | D:9      | Noticed a troll
  2982 | D:9      | Killed a troll
  2982 | D:9      | Reached skill level 13 in Axes
  3266 | D:10     | Entered Level 10 of the Dungeon
  3288 | D:10     | Found Ruconag's General Store.
  3298 | D:10     | Bought a scroll of enchant weapon for 112 gold pieces
  3337 | D:10     | Found a staircase to the Lair.
  3399 | D:10     | Noticed a two-headed ogre
  3405 | D:10     | Killed a two-headed ogre
  3405 | D:10     | Reached skill level 10 in Fighting
  3405 | D:10     | Reached XP level 10. HP: 93/93 MP: 9/9
  3480 | D:10     | Noticed Joseph
  3490 | D:10     | Killed Joseph
  3490 | D:10     | Reached skill level 14 in Axes
  3541 | D:10     | Noticed Urug
  3554 | D:10     | Killed Urug
  3574 | D:10     | Noticed a two-headed ogre
  3588 | D:10     | Slain by a two-headed ogre

Skill      XL: |  1  2  3  4  5  6  7  8  9 10 |
---------------+-------------------------------+-----
Axes           | 4 5 6 7 8 11 13 14 | 14.6
Fighting       | 4 5 6 8 10 | 10.7
Shields        | 1 2 4 5 |  5.6
Armour         | |  2.4
Dodging        | |  2.1

Action                   |  1- 3 |  4- 6 |  7- 9 | 10-12 || total
-------------------------+-------+-------+-------+-------++-------
Melee: Hand axe          |    67 |    91 |    75 |       ||   233
       Headbutt          |     9 |    12 |    26 |     7 ||    54
       Battleaxe         |       |       |    78 |    30 ||   108
Invok: Berserk           |     3 |     4 |     5 |     2 ||    14
       Trog's Hand       |       |       |     1 |     1 ||     2
  Use: Scroll            |       |       |     5 |       ||     5
       Potion            |       |       |     2 |       ||     2
 Stab: Sleeping          |     1 |       |       |       ||     1
  Eat: Chunk             |     1 |     5 |     8 |       ||    14
       Bread ration      |       |       |     1 |     2 ||     3
Armor: Animal skin       |    14 |       |       |       ||    14
       Scale mail        |       |    32 |    40 |     8 ||    80
Dodge: Dodged            |    36 |    30 |    74 |    16 ||   156
Block: Shield            |    16 |    32 |    32 |       ||    80
